 Dungeon Crawl Stone Soup version 0.21.1-1-g345015fe64 (webtiles) character file.

51 BrokenGlass the Sneak (level 3, -1/19 HPs)
             Began as a Vine Stalker Assassin on Mar 26, 2018.
             Slain by an ogre
             ... wielding a +0 giant club
              (19 damage)
             ... on level 2 of the Dungeon.
             The game lasted 00:01:58 (1601 turns).

BrokenGlass the Sneak (Vine Stalker Assassin)       Turns: 1601, Time: 00:01:58

Health: -1/19      AC:  4    Str: 14    XL:     3   Next: 83%
Magic:  0/4        EV: 11    Int: 11    God:
Gold:   22         SH:  0    Dex: 17    Spells: 2/2 levels left

rFire    . . .     SeeInvis .   a - +2 dagger (venom)
rCold    . . .     Gourm    .   (no shield)
rNeg     . . .     Faith    .   c - +0 robe
rPois    .         Spirit   +   (no helmet)
rElec    .         Reflect  .   d - +0 cloak
rCorr    .         Harm     .   (no gloves)
MR       .....                  j - +0 pair of boots
Stlth    +++.......             p - amulet of rage (curse)
HPRegen  0.06/turn              q - +2 ring of dexterity
MPRegen  0.09/turn              (no ring)

@: no status effects
A: fangs 2, magic shield, antimagic bite, no potion heal 3, rot immunity
a: Evoke Berserk Rage


You were on level 2 of the Dungeon.
You were not hungry.

You visited 1 branch of the dungeon, and saw 2 of its levels.

You collected 22 gold pieces.

Inventory:

Hand Weapons
 a - a +2 dagger of venom (weapon)
 b - a +0 blowgun
Missiles
 e - 8 poisoned needles
 f - 2 curare-tipped needles
 m - 33 sling bullets
 r - 21 bolts
Armour
 c - a +0 robe (worn)
 d - a +0 cloak (worn)
 j - a +0 pair of boots (worn)
Jewellery
 p - a cursed amulet of rage (around neck)
 q - a +2 ring of dexterity (left hand)
Scrolls
 l - a scroll of remove curse {unknown}
 o - a scroll of identify {unknown}
 t - a scroll of magic mapping {unknown}
Potions
 h - 2 potions of haste {unknown}
 i - a potion of degeneration {unknown}
 k - a potion of ambrosia {unknown}
 s - a potion of lignification {unknown}
Comestibles
 g - 5 rations
 n - 2 chunks of flesh


   Skills:
 * Level 2.6 Fighting
 + Level 2.2 Short Blades
 - Level 1.7 Throwing
 - Level 0.7 Dodging
 * Level 5.6 Stealth


You had 2 spell levels left.
You didn't know any spells.

Dungeon Overview and Level Annotations

Branches:
Dungeon (2/15)

Altars:


Innate Abilities, Weirdness & Mutations

You have extremely sharp teeth.
When hurt, damage is shared between your health and your magic reserves.
Your bite disrupts and absorbs the magic of your enemies.
Potions cannot restore your health.
You are immune to rotting.


Message History

You closely miss the goblin. You bite the goblin. You drain its power.
The goblin is moderately wounded.
The goblin hits you.
You hit the goblin.
You kill the goblin!
The goblin closely misses you.
An ogre comes into view. It is wielding a giant club.
The ogre shouts!
You hit the goblin.
You kill the goblin!
The kobold completely misses you.
You hit the kobold.
The kobold is poisoned.
You kill the kobold!
Things that are here:
a dagger; a goblin corpse You hit the ogre.
The ogre is poisoned.
Your bite misses the ogre.
The ogre is lightly wounded.
The ogre hits you with a giant club!!
Ouch! That really hurt!
You die...

#...#.........##########..
#...........#.............
##.#.######.#...........#.
# #...)....'.............
####.#.#.#...........#.
...#.#.#...........#.
#......#.#########...#.
.########.### .
.......@)†..# ..
###....O....#...
#........$....
#.............
#....†.).......
#......†..#####
#...............
#...............
#...............


You could see an ogre.

Vanquished Creatures
  An adder (D:2)
  An ooze (D:1)
  A dart slug (D:1)
  3 leopard geckos
  A bat (D:1)
  12 goblins
  3 hobgoblins
  4 kobolds
  A ball python (D:1)
  A frilled lizard (D:2)
  4 rats (D:1)
32 creatures vanquished.

Notes
Turn   | Place    | Note
-------+----------+-------------------------------------------
     0 | D:1      | BrokenGlass the Vine Stalker Assassin began the quest for the Orb.
     0 | D:1      | Reached XP level 1. HP: 11/11 MP: 2/2
   206 | D:1      | Reached skill level 5 in Stealth
   249 | D:1      | Reached XP level 2. HP: 10/15 MP: 3/3
   651 | D:1      | Reached XP level 3. HP: 19/19 MP: 2/4
  1596 | D:2      | Noticed an ogre
  1601 | D:2      | Slain by an ogre

Skill      XL: |  1  2 |
---------------+-------+-----
Fighting       | 2 |  2.6
Stealth        | 5 |  5.6
Short Blades   | 2 |  2.2
Throwing       | |  1.7
Dodging        | |  0.7

Action                   || total
-------------------------++-------
Melee: Dagger            ||    66
       Bite              ||    14
 Stab: Sleeping          ||     8
  Eat: Chunk             ||     2
Armor: Robe              ||    11
Dodge: Dodged            ||    32
